 Dungeon Crawl Stone Soup version 0.19.4-12-gccf7e64 (webtiles) character file.

470 Magnus the Slasher (level 6, -4/70 HPs)
             Began as a Demonspawn Monk on Feb 27, 2017.
             Slain by a gnoll
             ... wielding a +0 halberd
              (5 damage)
             ... on level 2 of the Dungeon.
             The game lasted 00:14:57 (6639 turns).

Magnus the Slasher (Demonspawn Monk)                Turns: 6639, Time: 00:14:57

Health: -4/70      AC: 23    Str: 13    XL:     6   Next: 82%
Magic:  6/6        EV:  2    Int: 17    God:
Gold:   195        SH:  0    Dex: 15    Spells: 0 memorised, 5 levels left

rFire  . . .     SeeInvis .     a - +1 falchion
rCold  . . .     Gourm    .     (armour currently unavailable)
rNeg   + + +     Faith    .     (no shield)
rPois  +         Spirit   .     (helmet currently unavailable)
rElec  .         Reflect  .     (cloak currently unavailable)
rCorr  .         Harm     .     (gloves currently unavailable)
MR     +....     NoTele   +     (boots currently unavailable)
Stlth  ++........               (no amulet)
                                (no ring)
                                o - ring of protection from magic

@: brilliant, tree-form
A: (talons 0), (yellow scales 0), (cold resistance 0), demonic guardian 1
a: no special abilities


You were on level 2 of the Dungeon.
You were not hungry.
You were a tree.
You visited 1 branch of the dungeon, and saw 3 of its levels.

You collected 195 gold pieces.

Inventory:

Hand Weapons
 a - a +1 falchion (weapon)
Armour
 f - a +0 pair of boots (melded)
 h - a +0 pair of gloves (melded)
 j - a +0 ring mail (melded)
Magical Staves
 q - an uncursed staff of poison {unknown}
Jewellery
 o - a ring of protection from magic (left branch)
Wands
 t - a wand of confusion (26/48)
Scrolls
 g - a scroll of remove curse
 l - a scroll of recharging {unknown}
 m - 2 scrolls of teleportation
 p - a scroll of enchant weapon
 r - 2 scrolls of random uselessness {unknown}
 x - a scroll of fear {unknown}
Potions
 b - 3 potions of lignification
 e - a potion of curing
 n - 2 potions of brilliance
 u - a potion of cure mutation {unknown}
 v - a potion of agility {unknown}
Comestibles
 c - 3 bread rations
 d - a slice of pizza
 i - 4 meat rations
 s - a beef jerky


   Skills:
 - Level 3.0 Fighting
 + Level 7.1 Long Blades
 - Level 2.6 Dodging
 - Level 1.7 Stealth


You had 5 spell levels left.
You didn't know any spells.

Dungeon Overview and Level Annotations

Branches:
Dungeon (3/15)

Altars:
Nemelex Xobeh
Uskayaw

Annotations:
D:3 Sharradak's ghost, amateur DgHu


Innate Abilities, Weirdness & Mutations

((You have sharp toenails.))
((You are partially covered in yellow scales. (AC +2)))
((Your flesh is cold resistant. (rC+)))
A weak demonic guardian rushes to your aid.


Message History

The gnoll hits you but does no damage. The gnoll barely misses you.
The gnoll hits you but does no damage. The gnoll hits you but does no damage.
The gnoll hits you from afar with a halberd.
* * * LOW HITPOINT WARNING * * *
The gnoll hits you but does no damage. The gnoll hits you but does no damage.
The gnoll hits you but does no damage.
The gnoll hits you from afar with a halberd!
* * * LOW HITPOINT WARNING * * *
The gnoll hits you but does no damage.
You cannot teleport because you are held in place by your roots.
The gnoll completely misses you. The gnoll hits you but does no damage.
The gnoll hits you but does no damage.
The gnoll hits you from afar with a halberd.
* * * LOW HITPOINT WARNING * * *
The gnoll hits you from afar with a halberd.
You die...

#........))########...#....
#........(>).....).........
#..........#.....####.#....
########............<..#.##
###.#.....###...#.#
#.####### #...#.# #g#
#...#.# #.# #...#.# #♣#
#...#.## #.# #....... #.#
#...###' #.# #.<.# #. #.#
#...###. #.#########...'.._
#.............####
############..# ## #..####


You could see a gnoll.

Vanquished Creatures
  2 big kobolds
  5 adders
  10 gnolls
  An ooze (D:1)
  4 worms
  A dart slug (D:3)
  5 leopard geckos
  8 orcs (D:3)
  2 giant cockroaches (D:1)
  24 goblins
  28 hobgoblins
  16 kobolds
  A quokka (D:2)
  6 bats
  3 frilled lizards (D:1)
  5 rats
121 creatures vanquished.

Vanquished Creatures (collateral kills)
  A big kobold (D:3)
  A gnoll (D:3)
  2 orcs (D:3)
  3 hobgoblins (D:3)
7 creatures vanquished.

Grand Total: 128 creatures vanquished

Notes
Turn   | Place    | Note
-------+----------+-------------------------------------------
     0 | D:1      | Magnus the Demonspawn Monk began the quest for the Orb.
     0 | D:1      | Reached XP level 1. HP: 18/18 MP: 1/1
   264 | D:1      | Reached skill level 3 in Long Blades
   449 | D:1      | Gained mutation: Your flesh is cold resistant. (rC+) [demonic ancestry]
   449 | D:1      | Reached XP level 2. HP: 20/24 MP: 2/2
  1404 | D:2      | Gained mutation: You are partially covered in yellow scales. (AC +2) [demonic ancestry]
  1404 | D:2      | Reached XP level 3. HP: 19/29 MP: 3/3
  1587 | D:2      | Reached skill level 4 in Long Blades
  1675 | D:2      | Found a sparkling altar of Nemelex Xobeh.
  2601 | D:2      | Reached XP level 4. HP: 35/35 MP: 4/4
  2725 | D:2      | Found a hide-covered altar of Uskayaw.
  3082 | D:3      | Noticed Sharradak's ghost (amateur DgHu)
  3376 | D:3      | HP: 1/35 [Sharradak's ghost (12)]
  4448 | D:3      | Reached skill level 5 in Long Blades
  4724 | D:3      | Noticed a big kobold
  4724 | D:3      | Noticed a big kobold
  4814 | D:2      | Killed a big kobold
  4814 | D:2      | Gained mutation: A weak demonic guardian rushes to your aid. [demonic ancestry]
  4814 | D:2      | Reached XP level 5. HP: 19/41 MP: 5/5
  4990 | D:3      | Reached skill level 6 in Long Blades
  5151 | D:3      | Gained mutation: You have sharp toenails. [demonic ancestry]
  5151 | D:3      | Reached XP level 6. HP: 45/47 MP: 6/6
  6296 | D:3      | Reached skill level 7 in Long Blades
  6632 | D:2      | HP: 3/70 [gnoll/halberd (7)]
  6638 | D:2      | HP: 1/70 [gnoll/halberd (3)]
  6639 | D:2      | Slain by a gnoll

Skill      XL: |  1  2  3  4  5  6 |
---------------+-------------------+-----
Long Blades    | 3 4 5 6 7 |  7.1
Fighting       | |  3.0
Dodging        | |  2.6
Stealth        | |  1.7

Action                   |  1- 3 |  4- 6 || total
-------------------------+-------+-------++-------
Melee: Falchion          |   173 |   440 ||   613
  Use: Scroll            |       |     3 ||     3
       Potion            |       |     3 ||     3
 Stab: Sleeping          |     1 |       ||     1
  Eat: Chunk             |     4 |    15 ||    19
Armor: Robe              |     6 |       ||     6
       Skin              |     3 |    25 ||    28
       Ring mail         |    44 |   184 ||   228
Dodge: Dodged            |   101 |   277 ||   378
       Rpst.: Falchion   |    33 |    72 ||   105
